 Dungeon Crawl Stone Soup version 0.31-a0-845-g9abc20d24f (webtiles) character file.

Game seed: 14535766095671696563

46 wvc the Grave Robber (level 3, 0/25 HPs)
             Began as a Human Wanderer on Oct 1, 2023.
             Was a Follower of Trog.
             Slain by a gnoll
             ... wielding a +0 flail
              (10 damage)
             ... on level 2 of the Dungeon.
             The game lasted 00:03:41 (1144 turns).

wvc the Grave Robber (Human Wanderer)               Turns: 1144, Time: 00:03:41

Health: 0/25       AC:  4    Str: 11    XL:     3   Next: 92%
Magic:  6/6        EV: 11    Int: 18    God:    Trog [*.....]
Gold:   18         SH:  0    Dex:  9    Spells: 5/6 levels left

rFire   . . .        j - +1 dagger (venom)
rCold   . . .        (no shield)
rNeg    . . .        c - +0 robe
rPois   .            h - +1 hat
rElec   .            (no cloak)
rCorr   .            (no gloves)
SInv    .            d - +0 pair of boots
Will    .....        (no amulet)
Stlth   ++           (no ring)
HPRegen 0.24/turn    (no ring)
MPRegen 0.10/turn

%: no passive effects
@: no status effects
A: no striking features
a: Renounce Religion, Berserk


You were on level 2 of the Dungeon.
You worshipped Trog.
Trog was aware of your devotion.
You visited 1 branch of the dungeon, and saw 2 of its levels.

You collected 18 gold pieces.

Inventory:

Hand Weapons
 j - a +1 dagger of venom (weapon)
Missiles
 a - 5 poisoned darts (quivered)
Armour
 c - a +0 robe (worn)
 d - a +0 pair of boots (worn)
 h - a +1 hat (worn)
Jewellery
 e - an amulet of guardian spirit
Scrolls
 f - a scroll of fear
Potions
 b - a potion of berserk rage
 g - 2 potions of mutation {unknown}
 i - a potion of curing {unknown}
 k - a potion of heal wounds {unknown}


   Skills:
 + Level 0.3 Fighting
 * Level 1.0 Short Blades
 + Level 0.5 Dodging
 - Level 2.0 Stealth
 - Level 2.3 Spellcasting
 - Level 1.9 Conjurations
 - Level 5.0 Necromancy
 - Level 1.3 Fire Magic


You had 5 spell levels left.
You knew the following spells:

 Your Spells              Type           Power      Damage    Failure   Level
a - Foxfire               Conj/Fire      32%        2x1d5     9%          1

Your spell library contained the following spells:

 Spells                   Type           Power      Damage    Failure   Level
 Sublimation of Blood     Necr           20%        N/A       3%          2
 Kiss of Death            Conj/Necr      56%        2d9       4%          1
 Dispel Undead            Necr           20%        3d11      22%         4
 Inner Flame              Hex/Fire       4%         N/A       36%         3


Dungeon Overview and Level Annotations

Branches:
Dungeon (2/15)

Altars:
Trog

Shops:
D:1 *


Message History

The hobgoblin hits you.
You closely miss the hobgoblin.
The hobgoblin is moderately wounded.
The hobgoblin hits you but does no damage.
A hobgoblin is nearby!
You hit the hobgoblin but do no damage.
The hobgoblin looks as sick as possible!
The hobgoblin is heavily wounded.
The hobgoblin barely misses you.
You hit the hobgoblin.
You kill the hobgoblin!
Trog accepts your kill.
k - a sedimented cyan potion You open the door.
There is an open door here.
You open the door.
There is an open door here.
A gnoll comes into view. It is wielding a +0 club.
A gnoll comes into view. It is wielding a +0 flail.
The gnoll shouts!
A gnoll comes into view. It is wielding a +0 spear.
There is an open door here.
You hit the gnoll but do no damage. The gnoll closely misses you.
You closely miss the gnoll. You punch the gnoll, but do no damage.
The gnoll closely misses you.
You barely miss the gnoll. The gnoll closely misses you.
You hit the gnoll but do no damage.
The gnoll is poisoned.
The gnoll hits you with a +0 flail.
You hit the gnoll.
The gnoll looks as sick as possible!
The gnoll is moderately wounded.
You barely miss the gnoll.
The gnoll is heavily wounded.
The gnoll hits you with a +0 flail.
You hit the gnoll.
The gnoll looks as sick as possible!
The gnoll is severely wounded.
The gnoll hits you with a +0 flail!
You barely miss the gnoll.
The gnoll is severely wounded.
The gnoll hits you with a +0 flail!
You die...

#...###'########.....#,,,,,,,,,,
###.......# #)......<#,*********
##.....#.#.# #.#.............,*
##.###.#.#.###.#.##.###.#####,*
...###.........#.##.# *.# *,*
########.##..###.#..# *,# *,*
.........###..##.#.## *,* *,*
#############......# *,* *,*
#.............>#@### *,* *,*
#)##############g# *,* *,*
#.#..#...,,,...#g# *,*****,*
#.#......,,**#.#g### *,,,,,,,***
#.#........#
#.....#****,,,,,,,,,
#.#........#
#.....#*,,,,,*******
#.#........# #.....#*,,,,,*
#.#........# #.....#*,,,,,*
#.#........# #.....#*,,,,,*


You could see 3 gnolls.

Vanquished Creatures
  An adder (D:2)
  A dart slug (D:1)
  3 endoplasms
  3 giant cockroaches (D:1)
  7 goblins
  6 hobgoblins
  A quokka (D:1)
  A bat (D:1)
  2 frilled lizards (D:1)
  A kobold (D:2)
  6 rats
32 creatures vanquished.

Vanquished Creatures (others)
  17 foxfires (D:1)
17 creatures vanquished.

Grand Total: 49 creatures vanquished

Notes
Turn   | Place    | Note
-------+----------+-------------------------------------------
     0 | D:1      | wvc the Human Wanderer began the quest for the Orb.
     0 | D:1      | wvc set off with the following items: a +0 club, a potion
                  | of berserk rage, a +0 robe, a +0 pair of boots; and the
                  | following spells available to memorise: Sublimation of
                  | Blood, Kiss of Death, Foxfire, Dispel Undead, Inner Flame.
     0 | D:1      | Reached XP level 1. HP: 13/13 MP: 3/3
     5 | D:1      | Learned a level 1 spell: Foxfire
    59 | D:1      | Found Pulei's Assorted Antiques.
   224 | D:1      | Reached skill level 1 in Conjurations
   262 | D:1      | Reached XP level 2. HP: 19/19 MP: 0/5
   569 | D:1      | Reached XP level 3. HP: 19/24 MP: 6/6
   771 | D:1      | Found a faded altar of an unknown god.
   779 | D:1      | Prayed at the altar of an unknown god.
   779 | D:1      | Became a worshipper of Trog the Wrathful
   779 | D:1      | Reached * piety under Trog
   959 | D:2      | Reached skill level 1 in Short Blades
  1144 | D:2      | Slain by a gnoll

Illustrated notes

Levels and vault maps discovered:
D:1:      amcnicky_arrival_feature_with_door, layout_loops_ring, serial_shops,
          nicolae_shop_behind_doors, ebering_ecumenical_altar_hall
D:2:      layout_basic, uniq_sigmund, uniq_jessica

Skill      XL: |  1  2  3 |
---------------+----------+-----
Conjurations   | 1 |  1.9
Short Blades   | 1 |  1.0
Fighting       | |  0.3
Dodging        | |  0.5
Stealth        | |  2.0
Spellcasting   | |  2.3
Necromancy     | |  5.0
Fire Magic     | |  1.3

Action                     || total
---------------------------++-------
  Melee: Club              ||    26
         Dagger            ||    84
         Punch             ||     2
   Cast: Foxfire           ||    10
    Use: Scroll            ||     4
         Potion            ||     1
   Stab: Sleeping          ||     2
 Armour: Robe              ||    56
  Dodge: Dodged            ||    64

Table legend: (Time is in decaauts)
 A = Elapsed time spent in this place.
 B = Non-inter-level travel time spent in this place.
 C = Inter-level travel time spent in this place.
 D = Time resting spent in this place.
 E = Time spent auto-exploring this place.
 F = Levels seen in this place.
 G = Mean time per level.
                   A        B        C        D        E       F      G
               +--------+--------+--------+--------+--------+-----+--------+
         Total |   1149 |   1149 |      0 |     39 |    776 |   2 |  574.5 |
       Dungeon |   1149 |   1149 |      0 |     39 |    776 |   2 |  574.5 |
               +--------+--------+--------+--------+--------+-----+--------+

Top non-repeatable levels by time:
     D:1: 897 daAuts
     D:2: 251 daAuts
